 Dungeon Crawl Stone Soup version 0.30-a0-134-gb40fab5c76 (webtiles) character file.

Game seed: 15270454455172697333

6284 enile the Magician (level 10, -36/71 HPs)
             Began as an Octopode Fire Elementalist on Sept 19, 2022.
             Was a Follower of Yredelemnul.
             Annihilated by a reaper
             ... wielding a +4 scythe of freezing
              (42 damage)
             ... in a Gauntlet.
             The game lasted 00:18:31 (11222 turns).

enile the Magician (Octopode Fire Elementalist)    Turns: 11222, Time: 00:18:32

Health: -36/71     AC:  1    Str:  7    XL:     10   Next: 94%
Magic:  0/20       EV: 15    Int: 21    God:    Yredelemnul [*.....]
Gold:   391        SH:  0    Dex: 14    Spells: 2/23 levels left

rFire   . . .      SeeInvis .    z - +1 dagger (elec)
rCold   + + .      Faith    .    (no shield)
rNeg    . . .      Spirit   +    (helmet restricted)
rPois   .          Reflect  .    g - amulet of guardian spirit
rElec   .          Harm     .    i - ring of protection from cold
rCorr   .          Rampage  .    h - ring of protection from cold
Will    .....      NoTele   +    C - ring of wizardry
Stlth   ++++......               (no ring)
HPRegen 0.21/turn                (no ring)
MPRegen 0.17/turn                (no ring)
                                 (no ring)
                                 (no ring)

@: mighty
A: almost no armour, amphibious, 8 rings, camouflage 1, gelatinous body 1,
(nimble swimmer 1), tentacles, sense surroundings 1, MP-powered wands
a: Renounce Religion, Recall Undead Harvest


You were in a Gauntlet.
You worshipped Yredelemnul.
Yredelemnul was noncommittal.
You visited 2 branches of the dungeon, and saw 10 of its levels.
You also visited: Bailey and Gauntlet.

You collected 391 gold pieces.

Inventory:

Hand Weapons
 c - a +0 dagger
 f - a +3 spear of flaming
 n - a +1 short sword of draining
 z - a +1 dagger of electrocution (weapon)
 E - a +3 dagger of draining
Missiles
 a - 2 throwing nets
 o - 5 curare-tipped darts (quivered)
 w - 2 javelins
 y - 24 poisoned darts
Jewellery
 g - an amulet of guardian spirit (around mantle)
 h - a ring of protection from cold (right tentacle)
 i - a ring of protection from cold (left tentacle)
 C - a ring of wizardry (on tentacle)
Wands
 b - a wand of paralysis (8)
 e - a wand of light (9)
Scrolls
 d - a scroll of noise
 j - a scroll of magic mapping
 p - a scroll of teleportation
 q - 3 scrolls of poison
 r - 2 scrolls of fog
 s - a scroll of summoning
 u - 3 scrolls of immolation
 v - a scroll of torment {unknown}
 x - 3 scrolls of enchant weapon {unknown}
 A - 3 scrolls of blinking {unknown}
 B - a scroll of enchant armour {unknown}
Potions
 k - 2 potions of degeneration
 l - 2 potions of haste
 m - 2 potions of cancellation


   Skills:
 - Level 7.0 Fighting
 - Level 3.0 Short Blades
 - Level 5.0 Dodging
 - Level 5.0 Stealth
 - Level 7.0 Spellcasting
 - Level 3.0 Conjurations
 - Level 3.0 Hexes
 - Level 7.0 Fire Magic
 - Level 2.0 Air Magic
 - Level 5.0 Invocations
 + Level 6.0 Evocations


You had 2 spell levels left.
You knew the following spells:

 Your Spells              Type           Power      Damage    Failure   Level
a - Foxfire               Conj/Fire      100%       2x1d9     1%          1
b - Scorch                Fire           72%        2d9       1%          2
c - Inner Flame           Hex/Fire       28%        N/A       1%          3
d - Kindle Blastsparks    Fire/Tloc/Air  38%        2d13      3%          3
e - Tukima's Dance        Hex            19%        N/A       3%          3
f - Mephitic Cloud        Conj/Pois/Air  14%        N/A       6%          3
g - Flame Wave            Conj/Fire      28%        2d9       4%          4
h - Passwall              Tmut/Erth      5%         N/A       5%          2

Your spell library contained the following spells:

 Spells                   Type           Power      Damage    Failure   Level
 Magic Dart               Conj           76%        1d6       1%          1
 Ensorcelled Hibernation  Hex/Ice        26%        N/A       2%          2
 Apportation              Tloc           14%        N/A       3%          1
 Call Imp                 Summ           7%         N/A       5%          2
 Swiftness                Air            15%        N/A       4%          3
 Portal Projectile        Hex/Tloc       26%        N/A       6%          3
 Call Canine Familiar     Summ           7%         N/A       11%         3
 Hailstorm                Conj/Ice       13%        3d5       19%         4
 Leda's Liquefaction      Hex/Erth       6%         N/A       19%         4
 Ice Form                 Ice/Tmut       7%         N/A       32%         4
 Alistair's Intoxication  Tmut/Pois      4%         N/A       65%         5
 Blade Hands              Tmut           3%         N/A       65%         5
 Summon Cactus Giant      Summ           3%         N/A       99%         6
 Simulacrum               Ice/Necr       Unusable   N/A       N/A         6

Dungeon Overview and Level Annotations

Branches:
Dungeon (9/15)               Lair (1/5) D:9          Bailey (visited)
Gauntlet (1/1)
 Temple: D:4-7          Orc: D:9-12

Altars:
Fedhas
Gozag
Nemelex Xobeh
Ru
Sif Muna
Yredelemnul
Zin

Annotations:
D:5 1 runed translucent door, zxpr0jk's ghost, amateur DrIE Gauntlet 9 transporters


Innate Abilities, Weirdness & Mutations

You cannot wear most types of armour.
You are amphibious.
You can wear up to eight rings at the same time.
Your skin changes colour to match your surroundings (Stealth+).
Your rubbery body absorbs attacks. (AC +1, EV +1)
((You are camouflaged when in or above water. (Stealth+)))
You have tentacles for arms and can constrict up to eight enemies at once.
You passively map a small area around you.
You expend magic power (3 MP) to strengthen your wands.


Message History

Okay, then.
There is a transporter here.
Okay, then.
Okay, then.
Okay, then.
You feel very mighty all of a sudden.
Okay, then.
Okay, then.
You enter the transporter and appear at another place.
The hellwing swoops through the air toward you!
The hellwing misses you. The hellwing barely misses you.
Your yaktaur zombie hits the reaper.
As you read the scroll of summoning, it crumbles to dust.
Wisps of shadow whirl around you... The hellwing hits you!
The hellwing barely misses you.
The reaper hits you from afar with a +4 scythe of freezing!!
The reaper freezes you.
Your yaktaur zombie barely misses the reaper.
The reaper hits you with a +4 scythe of freezing!!
* * * LOW HITPOINT WARNING * * *
The reaper freezes you.
* * * LOW HITPOINT WARNING * * *
Your crimson imp hits the reaper but does no damage.
Okay, then.
You feel much better.
The reaper hits you with a +4 scythe of freezing!!
* * * LOW HITPOINT WARNING * * *
The reaper freezes you.
* * * LOW HITPOINT WARNING * * *
The hellwing barely misses you. The hellwing hits you.
* * * LOW HITPOINT WARNING * * *
Your yaktaur zombie hits the reaper!
Your tengu conjurer hits the reaper.
Your tengu conjurer pecks the reaper but does no damage.
Your tengu conjurer barely misses the reaper.
Your crimson imp closely misses the reaper.
You swap places.
The reaper hits you from afar with a +4 scythe of freezing!!!
Ouch! That really hurt!
You die...
Your body rises from the dead as a mindless zombie.

........§.≈.............≈#.©.##
#########...###########..#...#
...÷....#...##.......##..#...##
#.##.##.#...#.#....^#.#..#.8...
..#.....#####..#...#..#..#...##
.##.##..#...#.Q.#^#..[#..#.8.#
.#.©#..©#©.©#.2Z4#...©#..#...#
##.##.#.#...#.5Z#p#..$#..#§8≈#
#.......#####..#@.Z#.!#..#####
#.##.##.#...#.#Z....#.#..###
........#.8.##......^##..#8#
#########...###########..###
.........................#
........................≈#
########################## #8#
#8# #8# #8# #8# #8# ### ### ###
### ### ###


You could see a reaper (ally target), a friendly necromancer (summoned), a
friendly tengu conjurer (summoned), a friendly crimson imp (summoned), a
friendly naga ritualist simulacrum (summoned), a friendly ice beast zombie
(summoned), a friendly yaktaur zombie and a friendly eleionoma zombie
(summoned).

Vanquished Creatures
  A two-headed ogre (Bailey)
  Maurice (D:8)
  A yaktaur (shapeshifter) (Gauntlet)
  A merfolk (shapeshifter) (Gauntlet)
  A wraith (D:8)
  4 spriggans (Bailey)
  A wyvern (D:8)
  A fire bat (shapeshifter) (Gauntlet)
  2 steam dragons
  2 water moccasins
  Menkaure (D:5)
  3 ice beasts
  A sky beast (D:6)
  A black bear (D:5)
  6 ogres
  A centaur (D:8)
  A phantom (D:5)
  2 kobold brigands
  2 necrophages
  A bullfrog (D:8)
  A wight (D:6)
  A water moccasin zombie (D:6)
  6 killer bees
  2 howler monkeys
  A hound (D:5)
  3 orc priests
  4 gnoll boudas
  5 iguanas
  5 orc wizards
  A spectral killer bee (D:9)
  A sky beast zombie (D:6)
  An ogre zombie (D:5)
  10 gnolls
  6 adders
  4 shadow imps
  3 white imps (D:6)
  2 worms
  3 dart slugs
  24 orcs
  7 endoplasms
  5 giant cockroaches
  10 goblins
  9 hobgoblins
  3 quokkas
  6 ball pythons
  4 bats
  2 frilled lizards
  3 gnoll zombies
  11 kobolds
  2 kobold zombies (D:9)
  An orc zombie (D:5)
  5 rats
  2 spectral orcs (D:5)
187 creatures vanquished.

Vanquished Creatures (collateral kills)
  A black mamba (Lair:1)
  A spriggan (shapeshifter) (Gauntlet)
  A bullfrog (D:6)
  A scorpion (D:5)
  A gnoll (D:5)
  A shadow imp (D:6)
6 creatures vanquished.

Vanquished Creatures (others)
  A bullfrog zombie (D:8)
  A centaur zombie (D:8)
  An ogre zombie (Bailey)
  A hound zombie (D:5)
  A spectral orc (D:6)
  An adder zombie (D:6)
  5 gnoll zombies
  An iguana zombie (D:5)
  A spectral white imp (D:6)
  A goblin zombie (D:8)
  A kobold zombie (D:9)
  10 orc zombies
  4 demonic plants (Gauntlet)
  210 foxfires
  2 fungi
  14 plants
255 creatures vanquished.

Grand Total: 448 creatures vanquished

Notes
Turn   | Place    | Note
-------+----------+-------------------------------------------
     0 | D:1      | enile the Octopode Fire Elementalist began the quest for
                  | the Orb.
     0 | D:1      | Reached XP level 1. HP: 11/11 MP: 3/3
    74 | D:1      | Reached skill level 1 in Fighting
   358 | D:1      | Reached XP level 2. HP: 18/18 MP: 0/5
   422 | D:1      | Learned a level 2 spell: Scorch
  1023 | D:1      | Reached XP level 3. HP: 19/24 MP: 1/6
  1245 | D:1      | Learned a level 3 spell: Inner Flame
  1669 | D:2      | Reached XP level 4. HP: 29/29 MP: 1/8
  2765 | D:3      | Found a blossoming altar of Fedhas.
  3081 | D:3      | Found a basalt altar of Yredelemnul.
  3441 | D:3      | Became a worshipper of Yredelemnul the Dark
  3548 | D:4      | Reached XP level 5. HP: 34/34 MP: 6/9
  3885 | D:4      | Learned a level 3 spell: Kindle Blastsparks
  4345 | D:5      | Entered Level 5 of the Dungeon
  4370 | D:5      | Reached skill level 5 in Fire Magic
  4460 | D:5      | Noticed a black bear
  4464 | D:5      | Noticed an ogre
  4465 | D:5      | Killed a black bear
  4466 | D:5      | Reached XP level 6. HP: 28/41 MP: 3/12
  4504 | D:5      | Reached XP level 7. HP: 40/48 MP: 0/13
  4664 | D:5      | Noticed Menkaure
  4666 | D:5      | Killed Menkaure
  4667 | D:5      | Reached skill level 5 in Spellcasting
  4973 | D:5      | Found a sparkling altar of Nemelex Xobeh.
  4979 | D:5      | Found a sacrificial altar of Ru.
  5427 | D:5      | Reached * piety under Yredelemnul
  5428 | D:5      | Reached XP level 8. HP: 48/54 MP: 10/17
  5867 | D:5      | Identified the +6 dagger "Zurihona" {speed, rC+ Will+ Str+2
                  | Int-3}
  5936 | D:5      | Found a runed translucent door.
  5942 | D:5      | Noticed zxpr0jk's ghost (amateur DrIE)
  6206 | D:6      | Gained mutation: You passively map a small area around you.
                  | [potion of mutation]
  6206 | D:6      | Gained mutation: You expend magic power (3 MP) to
                  | strengthen your wands. [potion of mutation]
  6627 | D:6      | Found an opulent altar of Gozag.
  6807 | D:6      | Reached skill level 1 in Short Blades
  7143 | D:6      | Reached skill level 5 in Fighting
  7360 | D:6      | Reached ** piety under Yredelemnul
  7546 | D:6      | Reached XP level 9. HP: 46/62 MP: 8/18
  7550 | D:6      | Reached skill level 5 in Dodging
  7550 | D:6      | Reached skill level 1 in Invocations
  8435 | D:8      | Noticed Maurice
  8441 | D:8      | Reached skill level 5 in Invocations
  8450 | D:8      | Killed Maurice
  8500 | D:8      | Found a shimmering blue altar of Sif Muna.
  8619 | D:8      | Found a flagged portal.
  8640 | D:8      | Reached skill level 1 in Evocations
  8695 | Bailey   | Entered a bailey
  9131 | Bailey   | Reached XP level 10. HP: 58/71 MP: 10/20
  9167 | Bailey   | Reached skill level 5 in Evocations
  9242 | Bailey   | Noticed a two-headed ogre
  9250 | Bailey   | Killed a two-headed ogre
  9385 | Bailey   | Identified the quicksilver dragon scales of the Bedazzling
                  | Gods {Harm +Inv Will+ MP+9 Dex+4}
  9642 | Bailey   | Reached skill level 1 in Hexes
 10360 | D:9      | Found a staircase to the Lair.
 10434 | D:9      | Found a glowing silver altar of Zin.
 10434 | D:9      | Noticed an angel
 10458 | Lair:1   | Entered Level 1 of the Lair of Beasts
 10458 | Lair:1   | Found a gate leading to a gauntlet.
 10536 | Lair:1   | Noticed a black mamba
 10552 | Lair:1   | Killed a black mamba
 10615 | Lair:1   | Learned a level 3 spell: Tukima's Dance
 10619 | Lair:1   | Learned a level 3 spell: Mephitic Cloud
 10624 | Lair:1   | Learned a level 4 spell: Flame Wave
 10714 | Gauntlet | Entered a Gauntlet
 10714 | Gauntlet | Noticed a rust devil
 10714 | Gauntlet | Noticed a glowing orange brain
 10714 | Gauntlet | Found a transporter.
 10714 | Gauntlet | Found a transporter.
 10714 | Gauntlet | Found a transporter.
 10714 | Gauntlet | Found a transporter.
 10726 | Gauntlet | a jumping spider changed into a cyclops
 10726 | Gauntlet | Noticed a cyclops (shapeshifter)
 10738 | Gauntlet | a shapeshifter changed into a mana viper
 10738 | Gauntlet | Noticed a mana viper (shapeshifter)
 10739 | Gauntlet | a glowing orange brain changed into a moth of wrath
 10739 | Gauntlet | Noticed a moth of wrath (glowing shapeshifter)
 10740 | Gauntlet | a moth of wrath changed into a guardian serpent
 10740 | Gauntlet | Noticed a guardian serpent (glowing shapeshifter)
 10743 | Gauntlet | a mana viper changed into an elephant
 10743 | Gauntlet | Noticed an elephant (shapeshifter)
 10747 | Gauntlet | a guardian serpent changed into a moth of wrath
 10747 | Gauntlet | Noticed a moth of wrath (glowing shapeshifter)
 10748 | Gauntlet | a moth of wrath changed into a wind drake
 10758 | Gauntlet | a jumping spider changed into an elephant
 10758 | Gauntlet | Noticed an elephant (glowing shapeshifter)
 10763 | Gauntlet | an elephant changed into a two-headed ogre
 10763 | Gauntlet | Noticed a two-headed ogre (shapeshifter)
 10765 | Gauntlet | an elephant changed into a tarantella
 10770 | Gauntlet | a tarantella changed into a cyclops
 10770 | Gauntlet | Noticed a cyclops (glowing shapeshifter)
 10779 | Gauntlet | Found a transporter.
 10789 | Gauntlet | Found a transporter.
 10804 | Gauntlet | Found a transporter.
 10818 | Gauntlet | Found a transporter.
 10829 | Gauntlet | Found a transporter.
 10835 | Gauntlet | Found a transporter.
 10849 | Gauntlet | Found a transporter.
 10853 | Gauntlet | Noticed a reaper
 10866 | Gauntlet | Found a transporter.
 10877 | Gauntlet | Noticed an orb spider
 10877 | Gauntlet | Noticed a death drake
 10882 | Gauntlet | an orb spider changed into a floating eye
 10928 | Gauntlet | Noticed a manticore
 10933 | Gauntlet | a queen bee changed into a fire crab
 10933 | Gauntlet | Noticed a fire crab (shapeshifter)
 10967 | Gauntlet | Learned a level 2 spell: Passwall
 10986 | Gauntlet | Noticed a cane toad
 10997 | Gauntlet | Reached skill level 5 in Stealth
 11222 | Gauntlet | Annihilated by a reaper

Illustrated notes

Levels and vault maps discovered:
D:1:      wander_arrival_desolate, layout_loops_cross
D:2:      layout_basic, serial_bayou_pond_d
D:3:      layout_loops_ring, fedhas_altar_2, mainiacjoe_overflow_tiny_flanked,
          serial_glass, glass_columns_b, glass_columns_b,
          amcnicky_mini_rare_corridor_liquid, hex_large,
          roderic_nine_men_s_morris
D:4:      layout_loops_cross, dreamdust_princess_bridge, minmay_door_square
D:5:      layout_basic, amethyst_overflow_temple_binary,
          ebering_ghost_reflecting_pool, uniq_menkaure
D:6:      layout_loops_cross, mainiacjoe_overflow_alcove_2, serial_rivers,
          chequers_serial_rivers_micro_a, chequers_serial_rivers_room_b,
          chequers_serial_rivers_micro_c, chequers_serial_rivers_micro_b,
          grunt_decor_resistance, minmay_pentangle
D:7:      layout_loops_ring, general_overflow_altar, minmay_temple_entry_glass,
          serial_glass, glass_columns_a, glass_columns_a, glass_columns_b,
          glass_columns_b, glass_columns_b, glass_columns_b
D:8:      layout_basic, mainiacjoe_overflow_brackets, enter_bailey_3,
          uniq_maurice
D:9:      minmay_chambers_of_sixes, layout_irregular_city,
          grunt_temple_overflow_order_and_chaos_1, minitemple, lair_entry_dummy,
          zombieorc2_lemuel, hangedman_decor_slide_cut
Lair:1:   layout_gridlike, gauntlet_entry_generic, st_stairs_7,
          lemuel_fruit_fields, lemuel_fruit_tree
Gauntlet: gammafunk_gauntlet_shortcut [nicolae_gauntlet_arena_grate_2,
          nicolae_gauntlet_arena_x, gammafunk_gauntlet_arena_mazey,
          gammafunk_gauntlet_arena_split_diamond,
          gammafunk_gauntlet_arena_arrow_garden, gammafunk_gauntlet_arena_teeth,
          gauntlet_exit_watery]

Skill      XL: |  1  2  3  4  5  6  7  8  9 10 |
---------------+-------------------------------+-----
Fighting       | 1 2 4 6 7 |  7.0
Spellcasting   | 3 4 6 7 |  7.0
Fire Magic     | 4 5 7 |  7.0
Dodging        | 4 5 |  5.0
Conjurations   | 2 3 |  3.0
Short Blades   | 2 3 |  3.0
Air Magic      | 2 |  2.0
Invocations    | 5 |  5.0
Evocations     | 3 6 |  6.0
Hexes          | 3 |  3.0
Stealth        | 5 |  5.0

Action                   |  1- 3 |  4- 6 |  7- 9 | 10-12 || total
-------------------------+-------+-------+-------+-------++-------
Melee: Unarmed           |     5 |       |       |       ||     5
       Constrict         |     5 |     7 |    21 |     5 ||    38
       Tentacles         |     3 |     5 |    30 |    12 ||    50
       Dagger            |    17 |     9 |       |    34 ||    60
       Short sword       |       |    25 |    89 |     6 ||   120
       Spear             |       |       |    36 |       ||    36
       Punch             |       |       |     2 |       ||     2
Throw: Dart              |       |       |     3 |     5 ||     8
 Cast: Foxfire           |    44 |    36 |    39 |    13 ||   132
       Scorch            |    13 |    18 |    57 |    12 ||   100
       Inner Flame       |       |     3 |    13 |    11 ||    27
       Kindle Blastspark |       |     1 |     3 |     3 ||     7
       Mephitic Cloud    |       |       |       |     1 ||     1
Evoke: Wand              |       |       |     3 |     1 ||     4
  Use: Potion            |       |     6 |    10 |     3 ||    19
       Scroll            |       |     3 |     6 |     3 ||    12
 Stab: Sleeping          |       |     2 |     6 |     1 ||     9
       Invisible         |       |       |       |     1 ||     1
Armor: Skin              |     5 |    16 |    34 |     2 ||    57
Dodge: Dodged            |    17 |    22 |    92 |    40 ||   171

Table legend: (Time is in decaauts)
 A = Elapsed time spent in this place.
 B = Non-inter-level travel time spent in this place.
 C = Inter-level travel time spent in this place.
 D = Time resting spent in this place.
 E = Time spent auto-exploring this place.
 F = Levels seen in this place.
 G = Mean time per level.
                   A        B        C        D        E       F      G
               +--------+--------+--------+--------+--------+-----+--------+
         Total |  11247 |  10945 |    302 |    982 |   8277 |  12 |  937.2 |
       Dungeon |   9363 |   9061 |    302 |    449 |   7270 |   9 | 1040.3 |
          Lair |    255 |    255 |      0 |    209 |      0 |   1 |  255.0 |
        Bailey |   1123 |   1123 |      0 |    259 |    705 |   1 | 1123.0 |
      Gauntlet |    505 |    505 |      0 |     65 |    302 |   1 |  505.0 |
               +--------+--------+--------+--------+--------+-----+--------+

Top non-repeatable levels by time:
     D:5: 2150 daAuts
     D:6: 1640 daAuts
     D:1: 1318 daAuts
  Bailey: 1123 daAuts
     D:2: 1084 daAuts
     D:3: 1066 daAuts
     D:8: 934 daAuts
     D:4: 873 daAuts
Gauntlet: 505 daAuts
  Lair:1: 255 daAuts
     D:7: 173 daAuts
     D:9: 120 daAuts
